 Dungeon Crawl Stone Soup version 0.27-b1-41-gafb5482f4b (webtiles) character file.

Game seed: 2550116895373921128

66 pikapanic the Skirmisher (level 3, -3/31 HPs)
             Began as a Palentonga Fighter on July 28, 2021.
             Slain by a goblin (4 damage)
             ... led by Robin
             ... on level 2 of the Dungeon.
             The game lasted 00:02:57 (1233 turns).

pikapanic the Skirmisher (Palentonga Fighter)       Turns: 1233, Time: 00:02:58

Health: -3/31      AC:  8    Str: 20    XL:     3   Next: 96%
Magic:  3/3        EV:  3    Int:  8    God:
Gold:   39         SH:  9    Dex:  9    Spells: 2/2 levels left

rFire    . . .     SeeInvis +   a - +0 long sword
rCold    . . .     Faith    .   c - +1 kite shield
rNeg     . . .     Spirit   .   j - +0 chain mail
rPois    .         Reflect  .   (no helmet)
rElec    .         Harm     .   f - scarf {shadows}
rCorr    .         Rampage  .   (no gloves)
Will     .....                  (no barding)
Stlth    ..........             (no amulet)
HPRegen  0.10/turn              (no ring)
MPRegen  0.08/turn              (no ring)

@: no status effects
A: large, rugged brown scales 3, see invisible, deformed body, roll 1, armoured
tail
a: Rolling Charge


You were on level 2 of the Dungeon.
You visited 1 branch of the dungeon, and saw 2 of its levels.

You collected 39 gold pieces.

Inventory:

Hand Weapons
 a - a +0 long sword (weapon)
Armour
 b - a +0 scale mail
 c - a +1 kite shield (worn)
 f - a scarf of shadows (worn)
 j - a +0 chain mail (worn)
Scrolls
 h - a scroll of blinking {unknown}
 i - a scroll of noise {unknown}
 k - a scroll of amnesia {unknown}
Potions
 d - a potion of might
 e - a potion of degeneration {unknown}
 g - a potion of curing {unknown}
 l - a potion of mutation {unknown}


   Skills:
 + Level 3.6 Fighting
 + Level 2.6 Long Blades
 + Level 2.8 Armour
 + Level 0.1 Dodging
 + Level 2.9 Shields


You had 2 spell levels left.
You didn't know any spells.
Your spell library contained the following spells:

 Spells                   Type           Power      Damage    Failure   Level
 Freezing Cloud           Conj/Ice/Air   0%         6-21      100%        5
 Simulacrum               Ice/Necr       0%         N/A       100%        6
 Polar Vortex             Ice            0%         N/A       100%        9


Dungeon Overview and Level Annotations

Branches:
Dungeon (2/15)

Altars:

Annotations:
D:2 Robin


Innate Abilities, Weirdness & Mutations

You are completely covered in rugged brown scales. (AC +3, +7% HP)
You have supernaturally acute eyesight. (SInv)
Armour fits poorly on your strangely shaped body.
You can roll at nearby foes to attack.
You have a long armoured tail.


Message History

The goblin shoots a stone.
The stone barely misses you.
The goblin shoots a stone.
You block the stone. There's nothing you can charge at!
The goblin shoots a stone.
You block the stone.
The goblin shoots a stone.
You block the stone.
A goblin comes into view. It is wielding a +0 club.
The goblin shoots a stone.
The stone hits you.
* * * LOW HITPOINT WARNING * * *
There are no items here.
The goblin shoots a stone.
The stone hits you but does no damage.
The goblin shoots a stone.
The stone hits you.
* * * LOW HITPOINT WARNING * * *
You are too injured to fight recklessly!
The goblin shoots a stone.
You block the stone.
You are too injured to fight recklessly!
The goblin shoots a stone.
The stone barely misses you.
Robin roars a battlecry!
The goblin goes into a battle-frenzy!
There's nothing you can charge at!
Your shield and chain mail prevent you from hitting the goblin.
The goblin unwields a +0 hunting sling.
The goblin wields a +0 club.
The goblin hits you but does no damage.
The goblin unwields a +0 club.
The goblin wields a +0 hunting sling.
The goblin shoots a stone.
You block the stone.
The goblin shouts!
The goblin unwields a +0 hunting sling.
The goblin wields a +0 club.
The goblin hits you but does no damage. You block Robin's attack.
The goblin unwields a +0 club.
The goblin wields a +0 hunting sling.
The goblin shoots a stone.
The stone hits you but does no damage. Robin throws the goblin at you!
* * * LOW HITPOINT WARNING * * *
You barely miss the goblin. The goblin hits you but does no damage.
The goblin shoots a stone.
You block the stone. Robin throws the goblin at you!
* * * LOW HITPOINT WARNING * * *
The goblin hits you with a +0 club.
* * * LOW HITPOINT WARNING * * *
The goblin hits you but does no damage.
You barely miss the goblin.
Your tail-slap misses the goblin.
The goblin hits you with a +0 club.
You die...

##.....## #######.
##...## #####'## .#
..###.# .# #..##.#
.# ##..#.## .#
#.)....## .#
..#.....# ######.#
.##....## #.gg@g.#
.##.#.#######g######
.g......g...g.#
###.###########
###.# ....# #####


You could see Robin and 3 goblins.

Vanquished Creatures
  Natasha (D:2)
  An adder (D:2)
  4 endoplasms (D:1)
  7 goblins
  4 hobgoblins
  4 jackals (D:1)
  2 quokkas
  3 ball pythons (D:1)
  2 frilled lizards (D:1)
  3 rats (D:1)
31 creatures vanquished.

Notes
Turn   | Place    | Note
-------+----------+-------------------------------------------
     0 | D:1      | pikapanic the Palentonga Fighter began the quest for the
                  | Orb.
     0 | D:1      | Reached XP level 1. HP: 19/19 MP: 1/1
   142 | D:1      | Reached XP level 2. HP: 25/25 MP: 2/2
   845 | D:2      | Noticed Natasha
   847 | D:2      | Killed Natasha
   848 | D:2      | Reached XP level 3. HP: 31/31 MP: 3/3
  1131 | D:2      | Noticed Robin
  1232 | D:2      | HP: 1/31 [goblin[Robin] (3)]
  1233 | D:2      | Slain by a goblin

Illustrated notes

Levels and vault maps discovered:
D:1:      lemuel_arrival_broad_hall, layout_basic
D:2:      layout_loops_corners, uniq_robin, uniq_natasha

Action                   || total
-------------------------++-------
Melee: Long sword        ||    86
       Tailslap          ||     6
 Abil: Rolling Charge    ||    18
  Use: Scroll            ||     1
Armor: Scale mail        ||    31
       Chain mail        ||    29
Dodge: Dodged            ||    30
Block: Kite shield       ||    66
       Rpst.: Long sword ||     7
